[Event "ICC tourney 2517 (60 10)"]
[Site "Internet Chess Club"]
[Date "2021.04.18"]
[Round "6"]
[White "RAMKUMAR, ADITYA:aditya7708"]
[Black "Awad, Rania:raawad"]
[Result "1/2-1/2"]
[ICCResult "Game drawn by mutual agreement"]
[WhiteElo "1627"]
[BlackElo "1409"]
[Opening "Caro-Kann: Tartakower (Nimzovich) variation"]
[ECO "B15"]
[NIC "CK.06"]
[Time "16:32:52"]
[PlyCount "170"]
[TimeControl "3600+10"]

1. e4 c6 2. d4 d5 3. Nc3 dxe4 4. Nxe4 Nf6 5. Nxf6+ exf6 6. Nf3 Bg4 7. c3
Bd6 8. Be2 O-O 9. O-O Nd7 10. h3 Bh5 11. Be3 Re8 12. Qd2 Qb8 13. Ne5 fxe5
14. Bxh5 Nf6 15. dxe5 Bxe5 16. Bf3 Rd8 17. Qc2 Bf4 18. Bd4 Be5 19. Bxe5
Qxe5 20. Rfe1 Qc7 21. Rad1 h6 22. Qf5 Rxd1 23. Rxd1 Rd8 24. Qc2 Rxd1+ 25.
Qxd1 c5 26. Qb3 b6 27. Qa4 Qd7 28. Qc2 Qe6 29. a3 Qe1+ 30. Kh2 Qe5+ 31. g3
g5 32. Qd1 Kg7 33. Kg2 Qe8 34. c4 Qe5 35. Qc2 Qe6 36. b4 Qe1 37. Qb3 Qe7
38. Qc3 Qd6 39. Bd5 Kg8 40. Bf3 Kg7 41. b5 Qe7 42. a4 Kg8 43. a5 Kg7 44. a6
Kg8 45. Qd3 Kg7 46. Qf5 Qe6 47. Qd3 Qe7 48. Bb7 Qd7 49. Qe2 Qe8 50. Qf3 Qe7
51. Qd3 Qd7 52. Qe3 Qe8 53. Qf3 Qe7 54. Ba8 Qd8 55. Qb7 Qd7 56. g4 Kg6 57.
Qf3 Kg7 58. Be4 Qe7 59. Bf5 Ne8 60. Qb7 Kf8 61. Qc6 Kg7 62. Kf3 Nd6 63. Qd5
Nxf5 64. gxf5 f6 65. Qb7 Kf7 66. Qd5+ Kg7 67. Qe4 Qf7 68. Qd3 Qh5+ 69. Kg2
Qf7 70. Qe4 Kg8 71. Qa8+ Kg7 72. Qb7 Kg8 73. Qe4 Kg7 74. Kg3 Kg8 75. h4 Kg7
76. hxg5 hxg5 77. Qb7 Kg8 78. Qe4 Kg7 79. Kg4 Kh6 80. Kg3 Kg7 81. f3 Qc7+
82. Kg2 Qf7 83. Qb7 Kg8 84. Qc8+ Kg7 85. Qb7 Kg8 { Game drawn by mutual
agreement } 1/2-1/2

[Event "ICC tourney 2517 (60 10)"]
[Site "Internet Chess Club"]
[Date "2021.04.18"]
[Round "6"]
[White "WANG, FELICITY:fireheart"]
[Black "NICHOLSON, IAN:outpost"]
[Result "0-1"]
[ICCResult "White checkmated"]
[WhiteElo "1649"]
[BlackElo "1819"]
[Opening "Sicilian: Kan, 5.Bd3"]
[ECO "B42"]
[NIC "SI.42"]
[Time "16:32:22"]
[PlyCount "170"]
[TimeControl "3600+10"]

1. e4 c5 2. Nf3 e6 3. d4 cxd4 4. Nxd4 a6 5. Bd3 Qc7 6. Be3 Nf6 7. Nd2 d5 8.
O-O Nc6 9. Nxc6 bxc6 10. Qf3 Bd6 11. h3 a5 12. Qe2 Rb8 13. Rab1 O-O 14. Bg5
Nd7 15. Nf3 Bb7 16. h4 Ra8 17. Rfe1 Rfb8 18. e5 Bf8 19. Nh2 Nc5 20. Ng4 h6
21. Bf4 Nxd3 22. Qxd3 Ba6 23. Qg3 Kh8 24. Nf6 Rb4 25. c3 Rxf4 26. Qxf4 gxf6
27. Qxf6+ Bg7 28. Qf4 Bd3 29. Rbd1 Bg6 30. Re3 Rb8 31. Rd2 Bh7 32. g4 f6
33. Qg3 fxe5 34. g5 Rg8 35. Kf1 Bf5 36. Rd1 Qd6 37. Qh2 Qb8 38. Rd2 e4 39.
Qg2 Be5 40. Re1 Bf4 41. Rde2 hxg5 42. hxg5 Rxg5 43. Qh1+ Bh2 44. Re3 Rg1+
45. Qxg1 Bxg1 46. Kxg1 Qxb2 47. Rg3 Qb7 48. Kg2 Bh7 49. Rh1 c5 50. Rgh3
Qg7+ 51. Rg3 Qf7 52. Rgh3 d4 53. cxd4 cxd4 54. Rg3 d3 55. Rb1 Bg6 56. Rb8+
Kg7 57. Rb2 e5 58. Kf1 Kh6 59. Rb6 Kh7 60. Rh3+ Bh5 61. Ke1 Qf5 62. Rb7+
Kh6 63. Rb6+ Kg5 64. Rg3+ Bg4 65. Rb8 Qg6 66. Rb5 Qd6 67. Kd2 Qd4 68. Rg2
Kf4 69. Rb8 e3+ 70. fxe3+ Qxe3+ 71. Kc3 Qc5+ 72. Kb2 Qd4+ 73. Ka3 Qd6+ 74.
Kb3 Qxb8+ 75. Kc3 Qb4+ 76. Kxd3 Qd4+ 77. Kc2 Qe4+ 78. Kb3 Qxg2 79. a4 e4
80. Kc3 e3 81. Kd3 Qd2+ 82. Kc4 e2 83. Kb3 e1=Q 84. Kc4 Qec1+ 85. Kb3 Qdb2#
{ White checkmated } 0-1